 Dungeon Crawl Stone Soup version 0.23.2-1-ga50397a (webtiles) character file.

Game seed: 13143547349743132875

57 eccles the Conjurer (level 4, -6/30 HPs)
             Began as a Human Conjurer on Apr 15, 2019.
             Killed from afar by an orc wizard (7 damage)
             ... with a puff of frost
             ... on level 3 of the Dungeon.
             The game lasted 00:14:50 (2366 turns).

eccles the Conjurer (Human Conjurer)                Turns: 2366, Time: 00:14:51

Health: -6/30      AC:  4    Str:  8    XL:     4   Next: 18%
Magic:  1/7        EV: 12    Int: 16    God:
Gold:   113        SH:  0    Dex: 14    Spells: 5/8 levels left

rFire    . . .     SeeInvis .   f - +0 short sword
rCold    . . .     Gourm    .   (no shield)
rNeg     . . .     Faith    .   a - +0 robe
rPois    .         Spirit   .   (no helmet)
rElec    .         Reflect  .   (no cloak)
rCorr    .         Harm     .   (no gloves)
MR       .....                  r - +1 pair of boots
Stlth    ++........             (no amulet)
HPRegen  0.10/turn              (no ring)
MPRegen  0.10/turn              (no ring)

@: no status effects
A: no striking features
a: no special abilities


You were on level 3 of the Dungeon.
You were hungry.

You visited 1 branch of the dungeon, and saw 3 of its levels.

You collected 113 gold pieces.

Inventory:

Hand Weapons
 b - a +0 dagger
 f - a +0 short sword (weapon)
Missiles
 i - 6 tomahawks (quivered)
Armour
 a - a +0 robe (worn)
 r - a +1 pair of boots (worn)
Scrolls
 c - a scroll of teleportation {unknown}
 d - a scroll of fear {unknown}
 e - 6 scrolls of identify {unknown}
 k - 4 scrolls of remove curse {unknown}
 n - a scroll of amnesia {unknown}
 q - a scroll of magic mapping {unknown}
Potions
 g - 2 potions of curing {unknown}
 h - a potion of lignification {unknown}
 j - 2 potions of heal wounds {unknown}
 l - a potion of cancellation {unknown}
 m - a potion of resistance {unknown}
 o - a potion of degeneration {unknown}
 p - 2 potions of flight {unknown}
Comestibles
 s - a ration
 t - 2 chunks of flesh


   Skills:
 + Level 2.0 Dodging
 + Level 2.2 Stealth
 * Level 2.5 Spellcasting
 * Level 5.0 Conjurations


You had 5 spell levels left.
You knew the following spells:

 Your Spells              Type           Power        Failure   Level  Hunger
a - Magic Dart            Conj           ###.         2%          1    #......
b - Searing Ray           Conj           ###...       3%          2    ##.....

Your spell library contained the following spells:

 Spells                   Type           Power        Failure   Level  Hunger
 Dazzling Spray           Conj/Hex       ##....       22%         3    ###....
 Iskenderun's Mystic Bla  Conj           ###.....     26%         4    #####..
 Force Lance              Conj/Tloc      ##......     56%         4    #####..
 Fulminant Prism          Conj/Hex       ##........   56%         4    #####..


Dungeon Overview and Level Annotations

Branches:
Dungeon (3/15)

Altars:
Hepliaklqana


Message History

You hit the orc wizard.
The orc wizard is heavily wounded.
The orc wizard hits you with a +0 dagger. x2
You completely miss the orc wizard.
The orc wizard is heavily wounded.
The orc wizard casts a spell at you. The magic dart hits you!
The orc wizard hits you but does no damage.
You hit the orc wizard but do no damage.
The orc wizard is heavily wounded.
The orc wizard hits you with a +0 dagger.
The crimson imp blinks!
An orc comes into view.
The orc wizard barely misses you.
The orc wizard gestures at you while chanting.
The magic dart hits you!
* * * LOW HITPOINT WARNING * * *
The orc wizard points at you and mumbles some strange words.
The puff of frost hits you!
You die...

##.# #..... .5# #.
##...... #o# #
...##....> #######o##.#
.#. ..... .g......)..#
.. #... ######.#### .
#..# #.# #
#..###############(#
#####...........@.oo).(#
.......#################
########


You could see an orc wizard and an orc.

Vanquished Creatures
  An adder (D:2)
  An ooze (D:1)
  2 worms
  A dart slug (D:1)
  A leopard gecko (D:2)
  An orc (D:3)
  3 bats
  A giant cockroach (D:2)
  4 goblins
  A hobgoblin (D:1)
  3 frilled lizards
  9 kobolds
  11 rats
  A plant (D:2)
40 creatures vanquished.

Notes
Turn   | Place    | Note
-------+----------+-------------------------------------------
     0 | D:1      | eccles the Human Conjurer began the quest for the Orb.
     0 | D:1      | Reached XP level 1. HP: 13/13 MP: 3/3
   339 | D:1      | Reached XP level 2. HP: 15/19 MP: 0/5
   686 | D:1      | Reached XP level 3. HP: 24/24 MP: 3/6
  1124 | D:2      | Found a hazy altar of Hepliaklqana.
  1907 | D:3      | Learned a level 2 spell: Searing Ray
  1992 | D:3      | Reached XP level 4. HP: 30/30 MP: 4/7
  2229 | D:3      | Reached skill level 5 in Conjurations
  2366 | D:3      | HP: 1/30 [orc wizard/magic dart (12)]
  2366 | D:3      | Killed from afar by an orc wizard

Skill      XL: |  1  2  3  4 |
---------------+-------------+-----
Conjurations   | 5 |  5.0
Dodging        | |  2.0
Stealth        | |  2.2
Spellcasting   | |  2.5

Action                   |  1- 3 |  4- 6 || total
-------------------------+-------+-------++-------
Melee: Short sword       |   135 |     9 ||   144
 Cast: Magic Dart        |    56 |    34 ||    90
  Eat: Chunk             |     2 |       ||     2
       Ration            |     1 |       ||     1
Armor: Robe              |     1 |     2 ||     3
Dodge: Dodged            |     9 |     5 ||    14
